SAAA
ALLOWAY HALBERDS @ PHOENIX HOTSPUR RESERVES
08/31/2025
 
TOP OF THE 1ST
Alloway Halberds batting - Pitching for Phoenix Hotspur Reserves : RHP Prince Nakamura
Pitching: RHP Prince Nakamura
Batting: RHB Juan Salinas 0-0: Ball
1-0: TRIPLE (Flyball, 8LXD)
Batting: RHB Jorge López 0-0: Ball
1-0: Fly out, F2 (Popup, 15S)
Batting: RHB Christovăo Galho 0-0: Called Strike
0-1: Ball
1-1: Ball
2-1: Foul Ball, location: 2F
2-2: Foul Ball, location: 2F
2-2: Foul Ball, location: 2F
2-2: DOUBLE (Line Drive, 8LM)
Juan Salinas scores
Batting: RHB Stewart Ralston 0-0: Called Strike
0-1: Ball
1-1: Foul Ball, location: 2F
1-2: Foul Ball, location: 2F
1-2: Ball
2-2: Fly out, F8 (Flyball, 8LM)
Runner from 2nd tags up, OUT at 3rd
Top of the 1st over - 1 run(s), 2 hit(s), 0 error(s), 0 left on base; Alloway 1 - Phoenix 0
BOTTOM OF THE 1ST
Phoenix Hotspur Reserves batting - Pitching for Alloway Halberds : LHP Jim Unknown
Pitching: LHP Jim Unknown
Batting: RHB Wilson Castillo 0-0: Called Strike
0-1: Ball
1-1: Ball
2-1: Fly out, F3 (Line Drive, 3S)
Batting: SHB Jesús González 0-0: Ball
1-0: Ball
2-0: Ball
3-0: Called Strike
3-1: Ground out 6-3 (Groundball, 6)
Batting: RHB John Moore 0-0: Ball
1-0: Foul Ball, location: 2F
1-1: Foul Ball, location: 2F
1-2: Strikes out swinging
Bottom of the 1st over - 0 run(s), 0 hit(s), 0 error(s), 0 left on base; Alloway 1 - Phoenix 0
TOP OF THE 2ND
Alloway Halberds batting - Pitching for Phoenix Hotspur Reserves : RHP Prince Nakamura
Batting: RHB Alfredo Chávez 0-0: Ball
1-0: Fly out, F8 (Flyball, 8RM)
Batting: LHB John Meléndez 0-0: Called Strike
0-1: Swinging Strike
0-2: Ball
1-2: Strikes out swinging
Batting: SHB Ron Peterson 0-0: Foul Ball, location: 2F
0-1: Fly out, F8 (Flyball, 8LM)
Top of the 2nd over - 0 run(s), 0 hit(s), 0 error(s), 0 left on base; Alloway 1 - Phoenix 0
BOTTOM OF THE 2ND
Phoenix Hotspur Reserves batting - Pitching for Alloway Halberds : LHP Jim Unknown
Batting: RHB Alex Niemann 0-0: Foul Ball, location: 2F
0-1: Ball
1-1: Foul Ball, location: 2F
1-2: Ball
2-2: Foul Ball, location: 2F
2-2: Ground out 4-3 (Groundball, 4MD)
Batting: RHB Hiwahikeiki Noelani 0-0: Ball
1-0: Called Strike
1-1: Foul Ball, location: 2F
1-2: Foul Ball, location: 2F
1-2: Ball
2-2: Ball
3-2: SINGLE (Groundball, 6D)
Batting: SHB Roberto López 0-0: Foul Ball, location: 2F
0-1: Called Strike
0-2: Ball
1-2: Ball
2-2: Ground out 6-3 (Groundball, 6)
Hiwahikeiki Noelani to second
Batting: RHB Jesús Mejía 0-0: Fly out, F7 (Flyball, 78D)
Bottom of the 2nd over - 0 run(s), 1 hit(s), 0 error(s), 1 left on base; Alloway 1 - Phoenix 0
TOP OF THE 3RD
Alloway Halberds batting - Pitching for Phoenix Hotspur Reserves : RHP Prince Nakamura
Batting: LHB Esteban Casillas 0-0: Ball
1-0: Called Strike
1-1: Ball
2-1: Called Strike
2-2: Fly out, F8 (Flyball, 8LS)
Batting: SHB Curt Finley 0-0: Ball
1-0: Foul Ball, location: 2F
1-1: Foul Ball, location: 2F
1-2: Strikes out swinging
Batting: RHB Juan Salinas 0-0: Fly out, F8 (Flyball, 89M)
Top of the 3rd over - 0 run(s), 0 hit(s), 0 error(s), 0 left on base; Alloway 1 - Phoenix 0
BOTTOM OF THE 3RD
Phoenix Hotspur Reserves batting - Pitching for Alloway Halberds : LHP Jim Unknown
Batting: RHB Marc Meertens 0-0: Ball
1-0: Ground out U3 (Groundball, 34S)
Batting: RHB Javier González 0-0: Swinging Strike
0-1: Ball
1-1: Ball
2-1: Foul Ball, location: 2F
2-2: Fly out, F4 (Popup, 3D)
Batting: RHB Wilson Castillo 0-0: Ball
1-0: Ball
2-0: Foul Ball, location: 2F
2-1: Fly out, F8 (Line Drive, 8LD)
Bottom of the 3rd over - 0 run(s), 0 hit(s), 0 error(s), 0 left on base; Alloway 1 - Phoenix 0
TOP OF THE 4TH
Alloway Halberds batting - Pitching for Phoenix Hotspur Reserves : RHP Prince Nakamura
Batting: RHB Jorge López 0-0: Ball
1-0: Called Strike
1-1: SINGLE (Groundball, 6S) (infield hit)
Batting: RHB Christovăo Galho 0-0: Swinging Strike
0-1: Called Strike
0-2: Ball
1-2: Strikes out swinging
Batting: RHB Stewart Ralston 0-0: Called Strike
0-1: Foul Ball, location: 2F
0-2: Fielders Choice at 2nd, 4-6 (Groundball, 4)
Batting: RHB Alfredo Chávez 0-0: Ball
1-0: Ball
2-0: Called Strike
2-1: Ball
3-1: Fielders Choice at 2nd, 4-6 (Groundball, 4)
Top of the 4th over - 0 run(s), 1 hit(s), 0 error(s), 0 left on base; Alloway 1 - Phoenix 0
BOTTOM OF THE 4TH
Phoenix Hotspur Reserves batting - Pitching for Alloway Halberds : LHP Jim Unknown
Batting: SHB Jesús González 0-0: Ball
1-0: SINGLE (Groundball, 6D)
Batting: RHB John Moore 0-0: Fielders Choice at 2nd, 5-4 (Groundball, 5)
Batting: RHB Alex Niemann 0-0: Called Strike
0-1: Ball
1-1: Ball
2-1: Swinging Strike
2-2: Strikes out looking
Throwing error on steal attempt, E2
John Moore to third
Batting: RHB Hiwahikeiki Noelani 0-0: Called Strike
0-1: Ball
1-1: Fly out, F7 (Line Drive, 7LD)
Bottom of the 4th over - 0 run(s), 1 hit(s), 1 error(s), 1 left on base; Alloway 1 - Phoenix 0
TOP OF THE 5TH
Alloway Halberds batting - Pitching for Phoenix Hotspur Reserves : RHP Prince Nakamura
Batting: LHB John Meléndez 0-0: Foul Ball, location: 2F
0-1: Ball
1-1: Swinging Strike
1-2: Ball
2-2: Ball
3-2: Foul Ball, location: 2F
3-2: Foul Ball, location: 2F
3-2: Fly out, F7 (Flyball, 78M)
Batting: SHB Ron Peterson 0-0: Called Strike
0-1: Ball
1-1: Called Strike
1-2: Ball
2-2: Foul Ball, location: 2F
2-2: Reached on error, E4 (Popup, 4D)
Batting: LHB Esteban Casillas 0-0: Ball
Ron Peterson is caught stealing 2nd base
1-0: Ball
2-0: Foul Ball, location: 2F
2-1: Called Strike
2-2: Strikes out swinging
Top of the 5th over - 0 run(s), 0 hit(s), 1 error(s), 0 left on base; Alloway 1 - Phoenix 0
BOTTOM OF THE 5TH
Phoenix Hotspur Reserves batting - Pitching for Alloway Halberds : LHP Jim Unknown
Batting: SHB Roberto López 0-0: Ball
1-0: Foul Ball, location: 2F
1-1: Foul Ball, location: 2F
1-2: Foul Ball, location: 2F
1-2: Ball
2-2: Foul Ball, location: 2F
2-2: Ball
3-2: Foul Ball, location: 2F
3-2: Ground out 6-3 (Groundball, 6)
Batting: RHB Jesús Mejía 0-0: Called Strike
0-1: Ball
1-1: Foul Ball, location: 2F
1-2: Foul Ball, location: 2F
1-2: Ground out 6-3 (Groundball, 6S)
Batting: RHB Marc Meertens 0-0: Ball
1-0: Called Strike
1-1: Swinging Strike
1-2: Strikes out swinging
Bottom of the 5th over - 0 run(s), 0 hit(s), 0 error(s), 0 left on base; Alloway 1 - Phoenix 0
TOP OF THE 6TH
Alloway Halberds batting - Pitching for Phoenix Hotspur Reserves : RHP Prince Nakamura
Batting: SHB Curt Finley 0-0: Ball
1-0: Called Strike
1-1: Swinging Strike
1-2: Foul Ball, location: 2F
1-2: Ball
2-2: Ground out U3 (Groundball, 3)
Batting: RHB Juan Salinas 0-0: Fly out, F7 (Flyball, 7)
Batting: RHB Jorge López 0-0: Called Strike
0-1: Foul Ball, location: 2F
0-2: Strikes out swinging
Top of the 6th over - 0 run(s), 0 hit(s), 0 error(s), 0 left on base; Alloway 1 - Phoenix 0
BOTTOM OF THE 6TH
Phoenix Hotspur Reserves batting - Pitching for Alloway Halberds : LHP Jim Unknown
Batting: RHB Javier González 0-0: Called Strike
0-1: Ball
1-1: Ball
2-1: Ball
3-1: Base on Balls
Batting: RHB Wilson Castillo 0-0: Ball
1-0: Sac Bunt - play at first, batter OUT! U3
Javier González to second
Batting: SHB Jesús González 0-0: Swinging Strike
0-1: Foul Ball, location: 2F
0-2: Foul Ball, location: 2F
0-2: Ball
1-2: Ground out 6-3 (Groundball, 6)
Batting: RHB John Moore 0-0: Foul Ball, location: 2F
0-1: Called Strike
0-2: Ball
1-2: Ground out 6-3 (Groundball, 6)
Bottom of the 6th over - 0 run(s), 0 hit(s), 0 error(s), 1 left on base; Alloway 1 - Phoenix 0
TOP OF THE 7TH
Alloway Halberds batting - Pitching for Phoenix Hotspur Reserves : RHP Prince Nakamura
Batting: RHB Christovăo Galho 0-0: Ground out 5-3 (Groundball, 56)
Batting: RHB Stewart Ralston 0-0: Fly out, F8 (Flyball, 8RM)
Batting: RHB Alfredo Chávez 0-0: Called Strike
0-1: Swinging Strike
0-2: Ball
1-2: Ball
2-2: Foul Ball, location: 2F
2-2: Ball
3-2: Foul Ball, location: 2F
3-2: Ground out 1-3 (Groundball, 15S)
Top of the 7th over - 0 run(s), 0 hit(s), 0 error(s), 0 left on base; Alloway 1 - Phoenix 0
BOTTOM OF THE 7TH
Phoenix Hotspur Reserves batting - Pitching for Alloway Halberds : LHP Jim Unknown
Batting: RHB Alex Niemann 0-0: Called Strike
0-1: Ground out 6-3 (Groundball, 6M)
Batting: RHB Hiwahikeiki Noelani 0-0: Ball
1-0: Ground out 1-3 (Groundball, 15S)
Batting: SHB Roberto López 0-0: Ball
1-0: Called Strike
1-1: Ball
2-1: Called Strike
2-2: Ball
3-2: Foul Ball, location: 2F
3-2: Base on Balls
Batting: RHB Jesús Mejía 0-0: Ball
1-0: Ball
2-0: Foul Ball, location: 2F
2-1: Ball
3-1: Fly out, F9 (Flyball, 89S)
Bottom of the 7th over - 0 run(s), 0 hit(s), 0 error(s), 1 left on base; Alloway 1 - Phoenix 0
TOP OF THE 8TH
Alloway Halberds batting - Pitching for Phoenix Hotspur Reserves : RHP Prince Nakamura
Batting: LHB John Meléndez 0-0: Ball
1-0: Fly out, F8 (Flyball, 8RM)
Batting: SHB Ron Peterson 0-0: Ball
1-0: Ball
2-0: Called Strike
2-1: Foul Ball, location: 2F
2-2: SINGLE (Groundball, 34D)
Pitching: RHP Pat McCormick
Batting: LHB Esteban Casillas 0-0: Fly out, F7 (Flyball, 7)
Batting: SHB Curt Finley 0-0: Ball
1-0: Ball
2-0: Ball
3-0: Called Strike
3-1: Called Strike
3-2: Foul Ball, location: 2F
3-2: Strikes out looking
Top of the 8th over - 0 run(s), 1 hit(s), 0 error(s), 1 left on base; Alloway 1 - Phoenix 0
BOTTOM OF THE 8TH
Phoenix Hotspur Reserves batting - Pitching for Alloway Halberds : LHP Jim Unknown
Batting: RHB Marc Meertens 0-0: Foul Ball, location: 2F
0-1: Ball
1-1: SINGLE (Line Drive, 9S)
Batting: RHB Javier González 0-0: Bunted foul
0-1: Sac Bunt - play at first, batter OUT! 1-4
Marc Meertens to second
Batting: RHB Wilson Castillo 0-0: Fly out, F9 (Flyball, 9LM)
Runner from 2nd tags up, SAFE at 3rd with throw
Batting: SHB Jesús González 0-0: Called Strike
0-1: Ball
1-1: Swinging Strike
1-2: Strikes out swinging
Bottom of the 8th over - 0 run(s), 1 hit(s), 0 error(s), 1 left on base; Alloway 1 - Phoenix 0
TOP OF THE 9TH
Alloway Halberds batting - Pitching for Phoenix Hotspur Reserves : RHP Pat McCormick
Batting: RHB Juan Salinas 0-0: Ball
1-0: SOLO HOME RUN (Flyball, 7D), Distance : 377 ft
Batting: RHB Jorge López 0-0: Swinging Strike
0-1: Foul Ball, location: 2F
0-2: Ball
1-2: Strikes out swinging
Batting: RHB Christovăo Galho 0-0: Swinging Strike
0-1: Foul Ball, location: 2F
0-2: Fly out, F8 (Flyball, 89M)
Batting: RHB Stewart Ralston 0-0: Called Strike
0-1: Ball
1-1: Called Strike
1-2: Ball
2-2: Ball
3-2: Ground out 1-3 (Groundball, 13)
Top of the 9th over - 1 run(s), 1 hit(s), 0 error(s), 0 left on base; Alloway 2 - Phoenix 0
BOTTOM OF THE 9TH
Phoenix Hotspur Reserves batting - Pitching for Alloway Halberds : LHP Jim Unknown
Pitching: RHP Jim Unknown
Batting: RHB John Moore 0-0: Ball
1-0: Called Strike
1-1: Called Strike
1-2: Ball
2-2: Strikes out looking
Batting: RHB Alex Niemann 0-0: Foul Ball, location: 2F
0-1: SINGLE (Groundball, 34D)
Pinch Hitting: LHB Jim Unknown 0-0: Foul Ball, location: 2F
0-1: Ball
1-1: Foul Ball, location: 2F
1-2: Ball
2-2: Ground out 4-3 (Groundball, 34)
Alex Niemann to second
Batting: SHB Roberto López 0-0: Called Strike
0-1: Swinging Strike
0-2: Strikes out swinging
Bottom of the 9th over - 0 run(s), 1 hit(s), 0 error(s), 1 left on base; Alloway 2 - Phoenix 0
Friday, December 30th, 2016 - OOTP Baseball 17.12 Build 75